 Dungeon Crawl Stone Soup version 0.21.0-3-g78d12a8bdd (webtiles) character file.

103 Rauder the Ruffian (level 4, -6/38 HPs)
             Began as a Naga Transmuter on Jan 17, 2018.
             Killed by nerve-wracking pain
             ... invoked by an orc priest
              (10 damage)
             ... on level 2 of the Dungeon.
             The game lasted 00:07:55 (1492 turns).

Rauder the Ruffian (Naga Transmuter)                Turns: 1492, Time: 00:07:56

Health: -6/38      AC:  2    Str: 18    XL:     4   Next: 79%
Magic:  7/7        EV: 16    Int: 14    God:
Gold:   78         SH:  0    Dex: 16    Spells: 6/7 levels left

rFire    . . .     SeeInvis +     - Unarmed
rCold    . . .     Gourm    .   (no shield)
rNeg     . . .     Faith    .   b - +0 robe
rPois    +         Spirit   .   (no helmet)
rElec    .         Reflect  .   (no cloak)
rCorr    .         Harm     .   (no gloves)
MR       .....                  (no barding)
Stlth    +++.......             (no amulet)
HPRegen  0.12/turn              (no ring)
MPRegen  0.10/turn              (no ring)

@: mighty, agile, short of breath, flying, very slow
A: large, see invisible, deformed body, poison resistance, slowness 2, slow
metabolism 1, spit poison 1, AC +1
a: Spit Poison


You were on level 2 of the Dungeon.
You were not hungry.

You visited 1 branch of the dungeon, and saw 2 of its levels.

You collected 78 gold pieces.

Inventory:

Missiles
 a - 30 arrows
Armour
 b - a +0 robe (worn)
 l - a +0 leather armour
Jewellery
 k - an uncursed amulet of faith {unknown}
Scrolls
 f - a scroll of amnesia
 m - a scroll of fog
Potions
 h - a potion of might
Books
 c - a book of Changes

   Spells                             Type                      Level
   a - Beastly Appendage              Transmutation                1
   b - Sticks to Snakes               Transmutation                2
   c - Spider Form                    Transmutation/Poison         3
   d - Ice Form                       Ice/Transmutation            4
   e - Blade Hands                    Transmutation                5
Comestibles
 d - 2 rations


   Skills:
 + Level 1.2 Fighting
 + Level 2.2 Dodging
 + Level 0.5 Stealth
 + Level 4.0 Unarmed Combat
 + Level 2.4 Spellcasting
 + Level 2.8 Transmutations


You had 6 spell levels left.
You knew the following spells:

 Your Spells              Type           Power        Failure   Level  Hunger
a - Beastly Appendage     Tmut           #.....       7%          1    #......


Dungeon Overview and Level Annotations

Branches:
Dungeon (2/15)

Altars:


Innate Abilities, Weirdness & Mutations

You cannot wear boots.
Your serpentine skin is tough. (AC +1)
You have supernaturally acute eyesight. (SInv)
Armour fits poorly on your strangely shaped body.
Your system is resistant to poisons. (rPois)
You cover ground very slowly.
You have a slow metabolism.
You can spit poison.


Message History

Press: ? - help, Shift-Dir - straight line, f - orc
Aim: an orc, wielding a trident The splash of poison hits the orc priest.
The orc priest is poisoned.
You kill the orc priest!
Your Unarmed Combat skill increases to level 4!
You feel slightly more hungry. The orc hits you but does no damage.
The orc priest miscasts a cantrip.
The orc hits you with a trident.
* * * LOW HITPOINT WARNING * * *
Items here: )) [ † a club; a chain mail; a flail; an orc corpse You closely miss the orc.
The orc barely misses you.
You punch the orc!
You kill the orc!
You hit the orc priest.
The orc priest is lightly wounded.
The orc priest mumbles some strange prayers to Beogh against you.
Pain shoots through your body!
You die...

#...........# #.
#...........# #.
####........# #.# ##
#......<.# .. .#
#......### #.#.#
####...# .o. #...#
#o# #...# #@#
########...###
#.###.............
#.................
#....###..........<..
#.##.# ########...###
# #.# #...# #.# #...#
..# ##...### ###
#####>......


You could see an orc priest and an orc.

Vanquished Creatures
  An orc priest (D:2)
  3 adders (D:2)
  A worm (D:2)
  A dart slug (D:1)
  A leopard gecko (D:1)
  2 orcs (D:2)
  6 giant cockroaches (D:1)
  6 hobgoblins
  2 kobolds (D:1)
  6 bats
  5 goblins
  2 rats (D:1)
36 creatures vanquished.

Notes
Turn   | Place    | Note
-------+----------+-------------------------------------------
     0 | D:1      | Rauder the Naga Transmuter began the quest for the Orb.
     0 | D:1      | Reached XP level 1. HP: 18/18 MP: 3/3
   124 | D:1      | Reached XP level 2. HP: 13/25 MP: 3/5
   491 | D:1      | Reached XP level 3. HP: 31/31 MP: 6/6
  1058 | D:2      | Reached XP level 4. HP: 16/38 MP: 7/7
  1488 | D:2      | Reached skill level 4 in Unarmed Combat
  1492 | D:2      | Killed from afar by an orc priest

Skill      XL: |  1  2  3  4 |
---------------+-------------+-----
Dodging        | 2 |  2.2
Unarmed Combat | 4 |  4.0
Fighting       | |  1.2
Stealth        | |  0.5
Spellcasting   | |  2.4
Transmutations | |  2.8

Action                   |  1- 3 |  4- 6 || total
-------------------------+-------+-------++-------
Melee: Unarmed           |    81 |    17 ||    98
       Headbutt          |     2 |     2 ||     4
 Cast: Beastly Appendage |     3 |     1 ||     4
 Abil: Spit Poison       |    19 |     2 ||    21
  Use: Scroll            |     3 |     1 ||     4
       Potion            |       |     3 ||     3
  Eat: Chunk             |     1 |       ||     1
       Ration            |       |     1 ||     1
Armor: Robe              |    13 |     5 ||    18
Dodge: Dodged            |    29 |    10 ||    39
